 Dungeon Crawl Stone Soup version 0.29-a0-925-g0a7a3d12f8 (webtiles) character file.

Game seed: 17959813597954005251

24485 enile the Frost Mage (level 12, -21/73 HPs)
             Began as a Deep Elf Fire Elementalist on July 30, 2022.
             Was a Follower of Qazlal.
             Demolished by a stone giant (23 damage)
             ... in a volcano.
             The game lasted 00:35:03 (21030 turns).

enile the Frost Mage (Deep Elf Fire Elementalist)  Turns: 21030, Time: 00:35:04

Health: -21/73     AC: 10    Str:  8    XL:     12   Next: 81%
Magic:  22/31      EV: 33    Int: 32    God:    Qazlal [*.....]
Gold:   777        SH:  2    Dex: 15    Spells: 21/37 levels left

rFire   + + .      SeeInvis +   E - -1 demon whip (venom)
rCold   . . .      Faith    .   (no shield)
rNeg    . . .      Spirit   .   S - +2 robe {rF+}
rPois   .          Reflect  .   e - +2 helmet
rElec   .          Harm     .   l - +2 cloak
rCorr   .          Rampage  .   (no gloves)
Will    +....                   (no boots)
Stlth   ++........              Q - amulet of Xenas {Acrobat Int+3}
HPRegen 0.22/turn               i - ring of Kyedd {Str+3 Int+3 SInv}
MPRegen 0.22/turn               L - ring of protection from fire

@: acrobatic, studying Dodging, unable to drink
A: no striking features
a: Renounce Religion


You were in a volcano.
You worshipped Qazlal.
Qazlal was aware of your devotion.
You visited 2 branches of the dungeon, and saw 14 of its levels.
You also visited: Ossuary and Volcano.

You collected 912 gold pieces.
You spent 135 gold pieces at shops.

Inventory:

Hand Weapons
 C - a +2 falchion of draining
 E - a -1 demon whip of venom (weapon)
 K - a +3 quarterstaff
Missiles
 u - 9 curare-tipped darts
 V - 8 throwing nets (quivered)
Armour
 a - a +0 robe
 e - a +2 helmet (worn)
 l - a +2 cloak (worn)
 x - a +0 robe of willpower
 z - a +0 leather armour of positive energy
 S - a +2 robe of fire resistance (worn)
 T - +1 fire dragon scales
 U - the +4 ring mail "Nojoinyg" {+Blink}
   (You found it on level 11 of the Dungeon)

   +Blink:    It lets you blink.
 W - a +0 buckler
Magical Staves
 B - a staff of conjuration
 O - a staff of cold
Jewellery
 i - the ring of Kyedd (left hand) {Str+3 Int+3 SInv}
   (You found it on level 5 of the Dungeon)

   [ring of see invisible]

   Str:       It affects your strength (+3).
   Int:       It affects your intelligence (+3).
   SInv:      It lets you see invisible.
 D - a ring of ice
 F - a ring of positive energy
 L - a ring of protection from fire (right hand)
 P - a ring of flight
 Q - the amulet of Xenas (around neck) {Acrobat Int+3}
   (You found it on level 10 of the Dungeon)

   [amulet of the acrobat]

   It increases your evasion while moving and waiting.
   Int:       It affects your intelligence (+3).
Wands
 d - a wand of iceblast (6)
 y - a wand of flame (25)
 J - a wand of paralysis (18)
Scrolls
 g - 2 scrolls of poison
 j - 3 scrolls of amnesia
 k - 3 scrolls of silence
 p - a scroll of torment
 r - 2 scrolls of noise
 t - 3 scrolls of fog
 A - 5 scrolls of vulnerability
 G - 2 scrolls of teleportation
 I - 3 scrolls of summoning
 Y - a scroll of magic mapping
Potions
 b - a potion of magic
 c - 3 potions of haste
 f - 3 potions of might
 h - 6 potions of heal wounds
 m - 4 potions of attraction
 n - 7 potions of flight
 o - 7 potions of curing
 q - 2 potions of degeneration
 s - 3 potions of resistance
 v - 2 potions of cancellation
 w - a potion of lignification {unknown}
 H - 2 potions of invisibility
 M - a potion of brilliance {unknown}
 N - a potion of mutation {unknown}
 X - 2 potions of berserk rage {unknown}


   Skills:
 - Level 8.0 Fighting
 - Level 12.0 Dodging
 - Level 2.4 Stealth
 - Level 13.0 Spellcasting
 - Level 1.1 Conjurations
 - Level 5.0 Fire Magic
 + Level 14.6 Ice Magic
 - Level 6.0 Invocations
 - Level 5.0 Evocations


You had 21 spell levels left.
You knew the following spells:

 Your Spells              Type           Power      Damage    Failure   Level
a - Ozocubu's Armour      Ice            85%        N/A       0%          3
b - Ozocubu's Refrigerat  Ice            42%        4d13      4%          7
c - Scorch                Fire           100%       2d10      1%          2
d - Foxfire               Conj/Fire      100%       2x1d9     1%          1
e - Inner Flame           Hex/Fire       36%        N/A       2%          3

Your spell library contained the following spells:

 Spells                   Type           Power      Damage    Failure   Level
 Conjure Flame            Conj/Fire      40%        6-21      1%          3
 Ignite Poison            Fire/Tmut/Pois 31%        N/A       3%          3
 Mephitic Cloud           Conj/Pois/Air  23%        N/A       6%          3
 Flame Wave               Conj/Fire      40%        2d11      6%          4
 Freezing Cloud           Conj/Ice/Air   26%        6-21      7%          5
 Alistair's Intoxication  Tmut/Pois      13%        N/A       52%         5
 Borgnjor's Vile Clutch   Necr/Erth      10%        N/A       52%         5
 Eringya's Noxious Bog    Tmut/Pois      10%        N/A       98%         6
 Borgnjor's Revivificati  Necr           10%        N/A       100%        8
 Necromutation            Tmut/Necr      10%        N/A       100%        8
 Death's Door             Necr           10%        N/A       100%        9


Dungeon Overview and Level Annotations

Branches:
Dungeon (12/15)            Temple (0/1) D:6            Lair (2/5) D:11
Ossuary (visited)         Volcano (1/1)
  Swamp: Lair:2-3    Shoals: Lair:2-3     Snake: Lair:2-3    Spider: Lair:2-3
    Orc: D:9-12

Altars:
Ashenzari
Dithmenos
Elyvilon
Gozag
Nemelex Xobeh
Okawaru
Qazlal
Vehumet
Wu Jian
Xom
The Shining One

Shops:
D:4 [   D:12 :

Annotations:
D:4 exclusion: statue
D:6 2 transporters
D:8 1 transporter, exclusion: downstairs


Message History

Casting: Ozocubu's Refrigeration (quite dangerous; 4% risk of failure)
Confirm with . or Enter, or press ? or * to list all spells.
The heat is drained from your surroundings.
You feel very cold.
The stone giant is frozen.
The stone giant is moderately wounded.
The stone giant throws a large rock.
The large rock misses you.
Okay, then.
Aiming: Upheaval
Press: ? - help, Dir - move target The ground shakes violently, spewing rubble!
You can no longer call upon nature to destroy your foes.
The stone giant misses you.
Okay, then.
Unknown command.
Aiming: Throw Flame
Press: ? - help, Shift-Dir - straight line The puff of flame hits the stone giant but does no damage.
The stone giant is moderately wounded.
The stone giant closely misses you.
Okay, then.
As you read the scroll labelled KISTEENAFOTS, it crumbles to dust.
It is a scroll of enchant armour.
Your +1 helmet glows green for a moment.
The stone giant hits you!!
Aiming: Paralyse
Press: ? - help, Shift-Dir - straight line Nothing appears to happen.
The stone giant hits you!!!
Ouch! That really hurt!
* * * LOW HITPOINT WARNING * * *
Okay, then.
You cannot drink potions in your current state!
Okay, then.
Throw: 8 throwing nets
Press: ? - help, Q - select action, (/) - cycle Shift-Dir - straight line, f - stone giant
Aim: a stone giant, quivering large rocks (moderately wounded, 90% to hit, immune to nets)
Okay, then.
Okay, then.
The stone giant attacks as you move away!
The stone giant hits you!!
You die...

≈≈§≈§≈≈§# #.#.#.[..#..≈≈≈≈≈
≈≈§≈§≈≈.# #.#.#....#.§≈≈≈§≈
≈≈≈≈≈≈≈.# #.#.#.)..#.≈≈≈§§≈
≈§≈§≈≈≈.######.#.#.######.≈§§§§§
≈≈≈§§≈≈.#......#.#......#.≈§≈≈≈≈
≈≈§§§§≈.###++###'###''###.≈≈≈≈≈≈
≈≈§§≈≈≈§#... #..)..#....#.§≈≈§≈≈
≈≈≈§§≈§.#.∩..#.8_8.#..∩.#.§§§≈≈≈
§≈≈§§≈≈≈.#....'C@...'....#.§§§≈≈≈
§§≈§§≈§§.#################.§§≈≈≈≈
§§§§§§≈≈.§§§........§§....≈§§≈≈≈§
§≈§§≈§§≈≈≈≈§.≈≈≈§§..§§..§§≈§§.≈≈§
§≈≈≈≈§§§≈§§≈≈§≈≈§§≈≈≈§≈≈≈§§≈≈§..≈
≈≈§≈≈≈≈≈≈§≈§§≈≈≈§§§§≈§≈≈≈≈≈§≈≈≈≈.
≈≈≈≈≈≈§≈≈§≈§≈≈§§§§≈≈§≈≈≈≈≈§§≈§§≈§
≈§≈≈≈§≈≈≈≈§§≈≈≈≈§§≈§≈§≈≈≈≈§§§§§§≈
≈≈§≈§≈≈§≈≈≈≈§≈≈≈≈§≈≈≈≈≈§≈§§≈≈≈≈≈≈


You could see a stone giant.

Vanquished Creatures
  A catoblepas (Lair:2)
  A boulder beetle (D:11)
  3 two-headed ogres
  A centaur warrior (D:11)
  A deep elf knight (D:11)
  Amaemon (D:8)
  A deep elf pyromancer (D:12)
  Pikel (D:4)
  An orc knight (D:11)
  A manticore (D:6)
  A cyclops (D:6)
  Joseph (D:7)
  2 gargoyles (Volcano)
  6 cane toads
  A molten gargoyle (Volcano)
  An orange demon (D:8)
  An efreet (Volcano)
  A rime drake (Lair:1)
  2 trolls
  3 blink frogs (Lair:1)
  2 vampires
  A shadow (D:11)
  5 wyverns
  21 yaks
  2 fire bats (Volcano)
  2 basilisks (Lair:2)
  2 steam dragons
  2 fire elementals (Volcano)
  2 vampire mosquitoes (D:11)
  An acid dragon (D:10)
  8 water moccasins
  An ice beast (D:6)
  15 orc warriors
  A sky beast (D:7)
  2 ogres (D:6)
  5 wolves (Lair:1)
  4 centaurs
  4 lemures (D:4)
  6 kobold brigands
  10 scorpions
  2 bullfrogs
  A necrophage (D:4)
  A gnoll sergeant (D:6)
  19 wights
  6 killer bees (D:6)
  7 lava snakes
  3 crimson imps (D:4)
  4 centaur zombies (Ossuary)
  4 orc priests
  A gnoll bouda (D:6)
  2 human zombies (Ossuary)
  3 jellies
  2 hounds
  An iguana (D:6)
  4 orc wizards
  4 scorpion zombies (Ossuary)
  3 mummies (Ossuary)
  6 adders
  2 shadow imps (D:6)
  2 white imps (D:6)
  2 worms
  A dart slug (D:2)
  29 orcs
  7 ball pythons
  4 endoplasms
  3 giant cockroaches
  9 goblins
  10 hobgoblins
  5 quokkas
  3 bats
  10 frilled lizards (D:3)
  2 gnoll zombies (Ossuary)
  A goblin zombie (Ossuary)
  4 hobgoblin zombies (Ossuary)
  14 kobolds
  3 kobold zombies (Ossuary)
  5 orc zombies (Ossuary)
  2 quokka zombies (D:7)
  4 rats
  A foxfire (D:2)
323 creatures vanquished.

Vanquished Creatures (collateral kills)
  A wraith (D:11)
  A water moccasin (D:4)
  An orc warrior (D:11)
  A scorpion (D:5)
  A crimson imp (D:4)
  An iguana (D:5)
  An orc (D:11)
7 creatures vanquished.

Vanquished Creatures (others)
  251 foxfires
  15 fungi
  46 plants
312 creatures vanquished.

Grand Total: 642 creatures vanquished

Notes
Turn   | Place    | Note
-------+----------+-------------------------------------------
     0 | D:1      | enile the Deep Elf Fire Elementalist began the quest for
                  | the Orb.
     0 | D:1      | Reached XP level 1. HP: 10/10 MP: 6/6
   111 | D:1      | Noticed a floating eye
   117 | D:1      | Found a faded altar of an unknown god.
   129 | D:1      | Noticed a golden eye
   161 | D:1      | Reached skill level 1 in Fighting
   195 | D:1      | Reached XP level 2. HP: 16/16 MP: 4/8
   279 | D:1      | Learned a level 2 spell: Scorch
   356 | D:1      | Noticed an eye of devastation
   356 | D:1      | Noticed a shining eye
   361 | D:1      | Prayed at the altar of an unknown god.
   361 | D:1      | Became a worshipper of Qazlal Stormbringer
   361 | D:1      | Reached * piety under Qazlal
  1429 | D:2      | Reached XP level 3. HP: 22/22 MP: 5/9
  2508 | D:3      | Reached ** piety under Qazlal
  3065 | D:3      | Reached XP level 4. HP: 28/28 MP: 7/10
  3276 | D:4      | Learned a level 3 spell: Inner Flame
  3389 | D:4      | Noticed a necrophage
  3393 | D:4      | Killed a necrophage
  3394 | D:4      | Reached skill level 5 in Spellcasting
  3394 | D:4      | Reached XP level 5. HP: 32/32 MP: 4/14
  3622 | D:4      | Found Raschy Lesmoa's Antique Armour Emporium.
  3654 | D:4      | Bought a dyed leather armour for 135 gold pieces
  3822 | D:4      | Noticed a lemure
  3822 | D:4      | Noticed Pikel
  3822 | D:4      | Noticed a lemure
  3844 | D:4      | Killed a lemure
  3852 | D:4      | Killed a lemure
  3936 | D:4      | Reached XP level 6. HP: 37/37 MP: 17/17
  3967 | D:4      | Found an ornate altar of the Wu Jian Council.
  3999 | D:4      | Noticed a water moccasin
  4054 | D:4      | Found an opulent altar of Gozag.
  4116 | D:4      | Killed a water moccasin
  4117 | D:4      | Reached skill level 5 in Fire Magic
  4456 | D:4      | Found a radiant altar of Vehumet.
  4501 | D:4      | Reached XP level 7. HP: 43/43 MP: 18/18
  4505 | D:4      | Found a shimmering altar of Xom.
  4824 | D:4      | Killed Pikel
  4825 | D:4      | Reached skill level 5 in Fighting
  4825 | D:4      | Reached XP level 8. HP: 49/49 MP: 5/22
  5000 | D:5      | Entered Level 5 of the Dungeon
  5066 | D:5      | Identified the ring of Kyedd {Str+3 Int+3 SInv}
  5682 | D:5      | Reached *** piety under Qazlal
  6169 | D:6      | Found a staircase to the Ecumenical Temple.
  6295 | D:6      | Found a transporter.
  6328 | D:6      | Found a transporter.
  6336 | D:6      | Found a sparkling altar of Nemelex Xobeh.
  6337 | D:6      | Found a white marble altar of Elyvilon.
  6337 | D:6      | Found a broken altar of Ashenzari.
  6387 | D:6      | Noticed a cyclops
  6393 | D:6      | Killed a cyclops
  6394 | D:6      | Reached skill level 5 in Evocations
  7124 | D:6      | Reached skill level 10 in Dodging
  7124 | D:6      | Reached XP level 9. HP: 17/54 MP: 0/23
  7222 | D:6      | Reached skill level 1 in Ice Magic
  7363 | D:6      | Noticed a manticore
  7372 | D:6      | Killed a manticore
  7373 | D:6      | Reached skill level 4 in Ice Magic
  7472 | D:6      | Reached skill level 5 in Ice Magic
  7696 | D:6      | Reached skill level 6 in Ice Magic
  7809 | D:6      | Learned a level 3 spell: Ozocubu's Armour
  7919 | D:6      | Reached skill level 7 in Ice Magic
  8178 | D:7      | Found a sand-covered staircase.
  8261 | Ossuary  | Entered an ossuary
  8528 | Ossuary  | Reached skill level 8 in Ice Magic
  9231 | Ossuary  | Reached skill level 9 in Ice Magic
  9365 | Ossuary  | Reached XP level 10. HP: 59/59 MP: 4/24
  9828 | D:7      | Noticed Joseph
  9835 | D:7      | Killed Joseph
 10196 | D:7      | Reached skill level 10 in Ice Magic
 11140 | D:8      | Noticed Amaemon
 11144 | D:8      | Noticed an orange demon
 11147 | D:8      | Killed Amaemon
 11148 | D:8      | Reached skill level 10 in Spellcasting
 11155 | D:8      | Killed an orange demon
 11536 | D:8      | Found a transporter.
 12831 | D:9      | Noticed a two-headed ogre
 13070 | D:9      | Noticed a two-headed ogre
 13406 | D:8      | Reached skill level 11 in Ice Magic
 13416 | D:8      | Reached XP level 11. HP: 58/63 MP: 15/28
 13516 | D:8      | Reached skill level 1 in Invocations
 13853 | D:9      | Learned a level 7 spell: Ozocubu's Refrigeration
 13933 | D:9      | Killed a two-headed ogre
 14158 | D:9      | Reached skill level 5 in Invocations
 14520 | D:10     | Entered Level 10 of the Dungeon
 14600 | D:10     | Found a shadowy altar of Dithmenos.
 14635 | D:10     | Found a stormy altar of Qazlal.
 14731 | D:10     | Found a glowing golden altar of the Shining One.
 15291 | D:10     | Identified the amulet of Xenas {Acrobat Int+3}
 15503 | D:11     | Noticed a two-headed ogre
 15531 | D:11     | Killed a two-headed ogre
 15741 | D:11     | Reached skill level 12 in Ice Magic
 16297 | D:11     | Found a staircase to the Lair.
 16656 | D:11     | Reached skill level 13 in Ice Magic
 16970 | D:11     | Noticed a boulder beetle
 17000 | D:11     | Killed a boulder beetle
 17136 | D:11     | Identified the +11 war axe of Kanwitagh {vorpal, Dex+4}
 17435 | D:11     | Noticed a two-headed ogre
 17438 | D:11     | Killed a two-headed ogre
 17650 | D:11     | Noticed a deep elf knight
 17656 | D:11     | Killed a deep elf knight
 17657 | D:11     | Reached skill level 14 in Ice Magic
 17830 | D:11     | Reached XP level 12. HP: 68/68 MP: 21/29
 17913 | D:11     | Identified the +4 sling of the Unspeakable One {vorpal,
                  | rCorr SInv}
 17948 | D:11     | Identified the +1 ring mail of the Lychee {rF+}
 18010 | D:11     | Noticed a centaur warrior
 18016 | D:11     | Killed a centaur warrior
 18217 | D:11     | Found an iron altar of Okawaru.
 18236 | D:11     | Identified the +4 ring mail "Nojoinyg" {+Blink}
 18367 | D:12     | Found Sos Gomp's Book Emporium.
 18394 | Lair:1   | Entered Level 1 of the Lair of Beasts
 20005 | Lair:2   | Noticed a catoblepas
 20025 | Lair:2   | Killed a catoblepas
 20072 | Lair:2   | Found a dark tunnel.
 20223 | Volcano  | Entered a volcano
 20702 | Volcano  | Found a bloodstained altar of Trog.
 21022 | Volcano  | Noticed a stone giant
 21028 | Volcano  | HP: 2/73 [stone giant (38)]
 21030 | Volcano  | Demolished by a stone giant

Illustrated notes

Levels and vault maps discovered:
D:1:      lightli_arrival_chessboard, layout_loops_ring,
          hellmonk_ecumenical_altar_watching_god, st_stairs_14, minmay_cut_off
D:2:      layout_basic
D:3:      layout_basic, minmay_lizard_king
D:4:      layout_basic, mainiacjoe_overflow_surrounded_room, vehumet_statue,
          nicolae_wu_jian_wuxing_cycle, led_xom_imps, serial_shops,
          nicolae_shop_crystal, minmay_manual_mandibuliform, uniq_pikel
D:5:      layout_layer_cave, minmay_misc_feat_more_columns, grunt_ministairs_13
D:6:      minmay_opposing_rooms, layout_rooms, gammafunk_temple_overflow_arena,
          minmay_temple_entry_gardened_gates, kennysheep_diamond
D:7:      layout_cave_pods, enter_ossuary_4, uniq_joseph
D:8:      layout_loops_ring, nicolae_diode_basic, uniq_amaemon
D:9:      layout_cave_pools, minmay_statues_item
D:10:     layout_layer_cave, overflow_temple_1_default,
          mainiacjoe_overflow_boulevard, mainiacjoe_overflow_alcove_1
D:11:     evilmike_iron_armoury, layout_stronghold, minmay_lair_entry_grove,
          st_stairs_9
D:12:     layout_long_grid, david_orc_3, serial_shops, kennysheep_little_box,
          hangedman_decor_clover_reticule, minmay_quadrilaterals
Lair:1:   layout_cave_pods, serial_bayou, serial_bayou_shore_b,
          serial_bayou_pond_e, serial_bayou_lagoon_b, serial_bayou_pond_c
Lair:2:   regret_index_combs_of_tragedy, layout_gridlike, swamp_mist_pool,
          basic_altar, enter_volcano_4, disabler_island, serial_bayou_shore_b,
          uniq_prince_ribbit2
Volcano:  volcano_lake [vl_original]

Skill      XL: |  1  2  3  4  5  6  7  8  9 10 11 12 |
---------------+-------------------------------------+-----
Fighting       | 1 2 3 4 5 8 |  8.0
Spellcasting   | 5 6 8 11 13 | 13.0
Fire Magic     | 4 5 |  5.0
Evocations     | 2 5 |  5.0
Dodging        | 10 12 | 12.0
Ice Magic      | 9 11 14 | 14.6
Invocations    | 6 |  6.0
Stealth        | |  2.4
Conjurations   | |  1.1

Action                   |  1- 3 |  4- 6 |  7- 9 | 10-12 || total
-------------------------+-------+-------+-------+-------++-------
Melee: Falchion          |       |    37 |    89 |    32 ||   158
       Punch             |       |       |     3 |     2 ||     5
       Demon whip        |       |       |       |   158 ||   158
       Quarterstaff      |       |       |       |     9 ||     9
Throw: Dart              |       |       |       |    10 ||    10
 Cast: Foxfire           |    69 |    42 |    36 |     7 ||   154
       Scorch            |    14 |    19 |    89 |   109 ||   231
       Inner Flame       |       |     4 |    13 |     5 ||    22
       Ozocubu's Armour  |       |       |    15 |    31 ||    46
       Ozocubu's Refrige |       |       |       |    57 ||    57
Invok: Upheaval          |       |       |    13 |    29 ||    42
Evoke: Wand              |       |       |     2 |    25 ||    27
  Use: Scroll            |       |     8 |    12 |    15 ||    35
       Potion            |       |     1 |     1 |     6 ||     8
 Stab: Paralysed         |       |       |       |     1 ||     1
Armor: Robe              |     7 |     3 |       |     4 ||    14
       Leather armour    |       |    21 |    95 |   112 ||   228
Dodge: Dodged            |     7 |    35 |   187 |   336 ||   565
Block: Other             |     2 |     2 |    29 |    52 ||    85

Table legend: (Time is in decaauts)
 A = Elapsed time spent in this place.
 B = Non-inter-level travel time spent in this place.
 C = Inter-level travel time spent in this place.
 D = Time resting spent in this place.
 E = Time spent auto-exploring this place.
 F = Levels seen in this place.
 G = Mean time per level.
                   A        B        C        D        E       F      G
               +--------+--------+--------+--------+--------+-----+--------+
         Total |  21166 |  20303 |    863 |   1152 |  16197 |  16 | 1322.9 |
       Dungeon |  17018 |  16188 |    830 |   1000 |  12863 |  12 | 1418.2 |
          Lair |   1874 |   1842 |     32 |    152 |   1464 |   2 |  937.0 |
       Ossuary |   1467 |   1467 |      0 |      0 |   1135 |   1 | 1467.0 |
       Volcano |    806 |    806 |      0 |      0 |    735 |   1 |  806.0 |
               +--------+--------+--------+--------+--------+-----+--------+

Top non-repeatable levels by time:
     D:8: 2751 daAuts
    D:11: 2278 daAuts
     D:6: 1759 daAuts
     D:4: 1746 daAuts
  Lair:1: 1590 daAuts
    D:10: 1589 daAuts
 Ossuary: 1467 daAuts
     D:7: 1411 daAuts
     D:3: 1216 daAuts
     D:5: 1170 daAuts
     D:1: 1150 daAuts
     D:9: 1031 daAuts
     D:2: 898 daAuts
 Volcano: 806 daAuts
  Lair:2: 283 daAuts
